 Dungeon Crawl Stone Soup version 0.20.0-15-g7f486f2 (webtiles) character file.

1189 Darkins the Slasher (level 8, 1/61 HPs)
             Began as a Human Gladiator on June 21, 2017.
             Quit the game on level 6 of the Dungeon.
             The game lasted 00:15:30 (5789 turns).

Darkins the Slasher (Human Gladiator)               Turns: 5789, Time: 00:15:31

Health: 1/61       AC:  8    Str: 17    XL:     8   Next: 71%
Magic:  8/8        EV: 13    Int:  9    God:
Gold:   286        SH:  0    Dex: 12    Spells: 4/7 levels left

rFire    . . .     SeeInvis .   g - +0 great sword
rCold    . . .     Gourm    .   (shield currently unavailable)
rNeg     . . .     Faith    .   D - +1 ring mail of Faif {+Fly}
rPois    .         Spirit   .   c - +0 helmet
rElec    .         Reflect  .   (no cloak)
rCorr    .         Harm     .   (no gloves)
MR       .....                  (no boots)
Stlth    +.........             z - amulet of rage
Regen    0.2/turn               (no ring)
MPRegen  0.2/turn               (no ring)

@: lethally poisoned (1 -> 0)
A: blink, blurry vision 1, clumsy 1, subdued magic 1
a: Blink, Evoke Berserk Rage, Evoke Flight


You were on level 6 of the Dungeon.
You were not hungry.

You visited 1 branch of the dungeon, and saw 8 of its levels.

You collected 286 gold pieces.

Inventory:

Hand Weapons
 a - a +0 long sword
 g - a +0 great sword (weapon)
Missiles
 d - 4 throwing nets (quivered)
 h - 7 poisoned tomahawks
 y - 5 tomahawks
Armour
 b - a +0 leather armour
 c - a +0 helmet (worn)
 n - a +0 ring mail
 D - the +1 ring mail of Faif (worn) {+Fly}
   (You found it on level 7 of the Dungeon)

   It lets you fly.
Jewellery
 i - an uncursed amulet of the gourmand
 x - an uncursed amulet of the gourmand
 z - an amulet of rage (around neck)
Wands
 C - a wand of clouds (7/9)
Scrolls
 e - 4 scrolls of immolation {unknown}
 k - 4 scrolls of identify {unknown}
 l - 3 scrolls of teleportation {unknown}
 q - a scroll of fog {unknown}
 s - 2 scrolls of blinking {unknown}
 t - 2 scrolls of magic mapping {unknown}
 w - 3 scrolls of remove curse {unknown}
Potions
 p - a potion of mutation
 r - a potion of berserk rage {unknown}
 u - a potion of haste {unknown}
 v - a potion of flight {unknown}
 B - a potion of resistance {unknown}
 F - a potion of agility {unknown}
Books
 A - a book of Minor Magic

   Spells                             Type                      Level
   a - Magic Dart                     Conjuration                  1
   b - Blink                          Translocation                2
   c - Call Imp                       Summoning                    2
   d - Slow                           Hexes                        2
   e - Conjure Flame                  Conjuration/Fire             3
   f - Mephitic Cloud                 Conjuration/Poison/Air       3
Comestibles
 f - 5 bread rations
 m - 5 fruits
 o - 5 meat rations


   Skills:
 + Level 4.6 Fighting
 + Level 7.3 Long Blades
 - Level 2.0 Throwing
 + Level 4.4 Armour
 + Level 4.5 Dodging


You had 4 spell levels left.
You knew the following spells:

 Your Spells              Type           Power        Failure   Level  Hunger
a - Magic Dart            Conj           #...         52%         1    ##.....
b - Blink                 Tloc           N/A          67%         2    ###....


Dungeon Overview and Level Annotations

Branches:
Dungeon (8/15)
 Temple: D:4-7         Lair: D:8-11

Altars:
Elyvilon
Hepliaklqana
Kikubaaqudgha
Nemelex Xobeh
Qazlal
The Shining One

Annotations:
D:4 1 runed door, Ijyb


Innate Abilities, Weirdness & Mutations

You can translocate small distances at will.
Scrolls take you a little longer to read.
You are clumsy. (Dex -2)
Your spells are a little easier to cast, but a little less powerful.


Message History

The adder bites you but does no damage. x2
You miss the adder. The adder closely misses you.
You riposte.
You closely miss the adder. You hit the adder but do no damage.
The adder bites you but does no damage. The adder barely misses you.
A jackal comes into view.
You miss the adder. The adder bites you but does no damage.
The adder bites you.
* * * LOW HITPOINT WARNING * * *
You are lethally poisoned!
The adder poisons you!
You closely miss the adder.
* * * LOW HITPOINT WARNING * * *
You feel sick. The adder bites you but does no damage.
It was a potion of mutation.
You feel extremely strange.
You feel clumsy.
Your vision blurs.
Your connection to magic feels subdued.
You feel jittery.
* * * LOW HITPOINT WARNING * * *
You feel sick. The adder closely misses you. x2
Are you sure you want to abandon this character and quit the game? (Confirm with "yes".)

#.# #.# #.#
#.# #.# #.#
#(# #.# #.#
#.#
########o#
#.#
#........#
#.#
#o########
#.# #@#
###(# #S#
#...# .h.
#<### ...##
#.# .....
#.####.####
#####.
#..........
.
######.####
.# #.# #.#


You could see an orc warrior, an adder and a jackal.

Vanquished Creatures
  A hippogriff (D:7)
  An orc warrior (D:7)
  2 ice beasts
  2 bullfrogs
  A water moccasin skeleton (D:5)
  3 vampire bats (D:7)
  A howler monkey (D:6)
  A hound (D:4)
  3 orc priests
  An orc wizard (D:4)
  2 iguanas
  2 worker ants
  A worker ant zombie (D:7)
  7 adders
  A shadow imp (D:7)
  An ooze (D:4)
  An adder zombie (D:5)
  3 worms
  A dart slug (D:1)
  3 leopard geckos
  15 orcs
  A ball python (D:1)
  A bat skeleton (D:7)
  3 bat zombies (D:7)
  4 giant cockroaches
  3 goblins
  8 hobgoblins
  5 jackals
  3 quokkas (D:7)
  4 bats
  8 frilled lizards
  3 kobolds
  A leopard gecko skeleton (D:7)
  3 rats
  A plant (D:1)
101 creatures vanquished.

Vanquished Creatures (others)
  A quokka (D:4)
1 creature vanquished.

Grand Total: 102 creatures vanquished

Notes
Turn   | Place    | Note
-------+----------+-------------------------------------------
     0 | D:1      | Darkins the Human Gladiator began the quest for the Orb.
     0 | D:1      | Reached XP level 1. HP: 16/16 MP: 1/1
    94 | D:1      | Reached XP level 2. HP: 18/22 MP: 2/2
   570 | D:1      | Reached XP level 3. HP: 27/27 MP: 3/3
  1037 | D:2      | Reached XP level 4. HP: 32/34 MP: 4/4
  1215 | D:2      | Reached skill level 4 in Long Blades
  1467 | D:3      | Found a stormy altar of Qazlal.
  1785 | D:3      | Reached skill level 1 in Armour
  1878 | D:3      | You fall through a shaft for 2 floors!
  1878 | D:5      | Entered Level 5 of the Dungeon
  1935 | D:5      | Reached XP level 5. HP: 34/39 MP: 5/5
  2090 | D:5      | Noticed an ice beast
  2101 | D:5      | Killed an ice beast
  2101 | D:5      | Reached XP level 6. HP: 11/46 MP: 6/6
  2390 | D:5      | Reached skill level 5 in Long Blades
  2938 | D:4      | Found a runed door.
  2938 | D:4      | Found a glowing golden altar of the Shining One.
  2938 | D:4      | Noticed an angel
  3299 | D:4      | Reached XP level 7. HP: 49/52 MP: 7/7
  3549 | D:4      | Found a white marble altar of Elyvilon.
  3584 | D:4      | Noticed Ijyb
  3601 | D:4      | You fall through a shaft for 3 floors!
  3881 | D:7      | Noticed a hippogriff
  3954 | D:6      | Found a sparkling altar of Nemelex Xobeh.
  3993 | D:6      | Found a hazy altar of Hepliaklqana.
  4059 | D:7      | HP: 2/78 [worker ant (2)]
  4764 | D:7      | Found an ancient bone altar of Kikubaaqudgha.
  4767 | D:7      | Reached skill level 6 in Long Blades
  4914 | D:7      | Learned a level 1 spell: Magic Dart
  4934 | D:7      | Learned a level 2 spell: Blink
  4945 | D:7      | Reached XP level 8. HP: 36/60 MP: 6/8
  5473 | D:7      | Got a scorched ring mail
  5485 | D:7      | Killed a hippogriff
  5485 | D:7      | Reached skill level 7 in Long Blades
  5503 | D:7      | Identified the +1 ring mail of Faif {+Fly} (You found it on level 7 of the Dungeon)
  5786 | D:6      | HP: 3/61 [adder (2)]
  5788 | D:6      | Gained mutation: You are clumsy. (Dex -2) [potion of mutation]
  5788 | D:6      | Gained mutation: Scrolls take you a little longer to read. [potion of mutation]
  5788 | D:6      | Gained mutation: Your spells are a little easier to cast, but a little less powerful. [potion of mutation]
  5788 | D:6      | Gained mutation: You can translocate small distances at will. [potion of mutation]
  5788 | D:6      | HP: 1/61 [poisoned by an adder]
  5789 | D:6      | Quit the game

Skill      XL: |  1  2  3  4  5  6  7  8 |
---------------+-------------------------+-----
Long Blades    | 4 5 6 7 |  7.3
Armour         | 1 2 3 4 |  4.4
Fighting       | 3 4 |  4.6
Dodging        | 4 |  4.5
Throwing       | |  2.0

Action                   |  1- 3 |  4- 6 |  7- 9 || total
-------------------------+-------+-------+-------++-------
Melee: Long sword        |   107 |   175 |    64 ||   346
       Great sword       |       |       |    83 ||    83
 Cast: Magic Dart        |       |       |     1 ||     1
  Use: Potion            |       |       |     5 ||     5
  Eat: Chunk             |       |     7 |     9 ||    16
Armor: Leather armour    |     9 |       |       ||     9
       Ring mail         |    25 |    51 |    69 ||   145
       Skin              |       |       |    19 ||    19
Dodge: Dodged            |    58 |   123 |   158 ||   339
       Rpst.: Long sword |    17 |    39 |    15 ||    71
       Great sword       |       |       |    20 ||    20
